 Dungeon Crawl Stone Soup version 0.19-a0-1700-g86d965a (webtiles) character file.

26681 Gelly3 the Fighter (level 13, -4/146 HPs)
             Began as a Basajaun Hunter on Sept 27, 2016.
             Was a High Priest of Okawaru.
             Slain by a meliai
             ... wielding a +0 war axe
              (8 damage)
             ... on level 4 of the Lair of Beasts on Sept 28, 2016.
             The game lasted 01:24:41 (24635 turns).

Gelly3 the Fighter (Basajaun Hunter)               Turns: 24635, Time: 01:24:41

Health: -4/146     AC: 17    Str: 15    XL:     13   Next: 0%
Magic:  25/25      EV: 11    Int: 14    God:    Okawaru [*****.]
Gold:   1157       SH:  0    Dex: 13    Spells: 1 memorised, 21 levels left

rFire  . . .     SeeInvis .     a - +2 dire flail (protect)
rCold  + . .     Gourm    .     m - quicksilver dragon armour {MR+}
rNeg   . . .     Faith    .     (shield currently unavailable)
rPois  +         Spirit   .     (helmet restricted)
rElec  .         Dismiss  .     n - +1 cloak {rPois}
rCorr  .         Reflect  .     (gloves unavailable)
MR     ++...     Harm     .     (boots unavailable)
Stlth  ++........               (no amulet)
                                C - ring of protection from cold {rC+, !d}
                                f - ring of stealth {Stlth+}

@: no status effects
A: unfitting armour, horns 1, yellow scales 1, blink, blurry vision 1, high mp
1, mutation resistance 1, sense surroundings 1, robust 1, screaming 1, weak 1
a: Blink, Heroism, Finesse, Renounce Religion


You were on level 4 of the Lair of Beasts.
You worshipped Okawaru.
Okawaru was extremely pleased with you.
You were not hungry.

You visited 3 branches of the dungeon, and saw 15 of its levels.
You also visited: Ossuary, Ice Cave and Volcano.

You collected 1157 gold pieces.

Inventory:

Hand Weapons
 a - a +2 dire flail of protection (weapon)
   (You took it off Edmund on level 5 of the Dungeon)
 u - a +0 blowgun
   (You took it off a kobold on level 3 of the Dungeon)
 D - a +1 great mace of flaming
   (You took it off a two-headed ogre in a volcano)
 R - a +0 antimagic giant club
   (You took it off an ogre on level 8 of the Dungeon)
Missiles
 d - 291 stones
 s - 16 tomahawks
 w - 9 large rocks {!d}
 z - 15 javelins (quivered)
 H - 3 poisoned tomahawks
Armour
 m - a quicksilver dragon armour (worn) {MR+}
   (Okawaru gifted it to you in an ice cave)
 n - a +1 cloak of poison resistance (worn)
   (Okawaru gifted it to you on level 4 of the Lair of Beasts)
 y - a +2 cloak of magic resistance
   (You took it off Crazy Yiuf on level 5 of the Dungeon)
Jewellery
 f - a ring of stealth (left hand) {Stlth+}
   (You found it on level 2 of the Lair of Beasts)
 q - an uncursed ring of positive energy {rN+}
   (You found it on level 4 of the Lair of Beasts)
 A - an uncursed ring of flight {+Fly, !d}
   (You found it on level 5 of the Dungeon)
 C - a ring of protection from cold (right hand) {rC+, !d}
   (You found it on level 9 of the Dungeon)
 M - the amulet "Gij Ezummik" {Inacc +Fly rPois rF+ MR+}
   (You found it on level 6 of the Dungeon)

   [amulet of inaccuracy]

   It reduces the accuracy of all your attacks.
   It protects you from fire.
   It protects you from poison.
   It affects your resistance to hostile enchantments.
   It lets you fly.
Wands
 l - a wand of digging (9/24)
   (You found it on level 8 of the Dungeon)
 E - a wand of iceblast (14/15)
   (You found it on level 6 of the Dungeon)
 O - a wand of lightning (6/15)
   (You found it on level 6 of the Dungeon)
 P - a wand of disintegration (3/24)
   (You found it on level 6 of the Dungeon)
 U - a wand of lightning (8/15)
   (You found it on level 7 of the Dungeon)
Scrolls
 e - 4 scrolls of magic mapping {!r}
 h - 11 scrolls of teleportation
 j - 4 scrolls of identify
 k - a scroll of remove curse
 r - 5 scrolls of blinking {!r}
 I - a scroll of recharging
 K - a scroll of fear
 N - 3 scrolls of silence
 S - a scroll of torment {!r}
Potions
 b - 3 potions of berserk rage {!q}
 i - a potion of agility
 o - a potion of resistance
 v - 3 potions of cancellation
 x - a potion of cure mutation {!q}
 B - 2 potions of lignification {!q}
 J - a potion of heal wounds
 L - 3 potions of curing
 Q - a potion of flight {unknown}
Miscellaneous
 g - a sack of spiders
 F - a fan of gales (inert)
   (You found it in an ice cave)
Comestibles
 c - 8 royal jellies
 p - a meat ration
 t - 2 fruits
 G - 3 chunks of flesh


   Skills:
 - Level 13.1 Fighting
 - Level 10.1 Maces & Flails
 - Level 5.0 Throwing
 + Level 6.7 Armour
 - Level 5.0 Dodging
 - Level 0.7 Stealth
 - Level 6.2 Spellcasting
 - Level 6.0 Charms
 - Level 6.1 Ice Magic
 - Level 3.1 Invocations


You had 21 spell levels left.
You knew the following spells:

 Your Spells              Type           Power        Failure   Level  Hunger
A - Ozocubu's Armour      Chrm/Ice       ###.....     10%         3    ###....


Dungeon Overview and Level Annotations

Branches:
Dungeon (11/15)            Temple (1/1) D:7            Lair (2/6) D:8
 Spider (0/4) Lair:2
  Swamp: Lair:2-4    Shoals: Lair:2-4       Orc: D:9-12

Altars:
Ashenzari
Cheibriados
Dithmenos
Elyvilon
Fedhas
Gozag
Hepliaklqana
Kikubaaqudgha
Makhleb
Nemelex Xobeh
Okawaru
Qazlal
Ru
Sif Muna
Trog
Uskayaw
Vehumet
Xom
Yredelemnul
Zin
The Shining One

Annotations:
D:4 LogicNinja's ghost, amateur BaCj
D:10 2 runed doors, exclusion: hydra


Innate Abilities, Weirdness & Mutations

You are too large for most types of armour.
You have a pair of small horns on your head.
You are partially covered in yellow scales. (AC +2)
You can translocate small distances at will.
Scrolls take you a little longer to read.
You have an increased reservoir of magic. (+10% MP)
You are somewhat resistant to further mutation.
You passively map a small area around you.
You are robust. (+10% HP)
You occasionally shout uncontrollably at your foes.
You are weak. (Str -2)


Message History

Tha meliai be severely wounded.
Tha iceblast 'ngulfs tha meliai.
Tha meliai be heavily wounded.
Tha iceblast 'ngulfs tha killer bee.
Tha killer bee be heavily wounded.
Tha iceblast 'ngulfs tha killer bee.
Tha killer bee be severely wounded.
Tha iceblast 'ngulfs ye! 'tis wand has 14 charges left.
Ye hear an angry buzzin' noise.
Tha meliai invokes tha aid o' its god against ye.
Somethin' smites ye!
Tha meliai calls down tha wrath o' its god upon ye.
Somethin' smites ye!
Tha meliai calls down tha wrath o' its god upon ye.
Somethin' smites ye!
* * * LOW HITPOINT WARNIN'
* * * Unknown command.
Tha que'n bee calls on tha meliai ta defend it!
Tha meliai goes berserk!
Tha que'n bee calls on tha killer bee ta defend it!
Tha killer bee goes berserk!
Tha que'n bee calls on tha meliai ta defend it!
Tha meliai goes berserk!
Tha que'n bee calls on tha killer bee ta defend it!
Tha killer bee goes berserk!
Tha killer bee stin's somethin'.
Tha meliai closely misses ye.
Tha meliai stin's ye but does nay damage.
Ye hear an angry buzzin' noise.
Tha meliai misses ye.
Tha meliai stin's ye!
* * * LOW HITPOINT WARNIN'
* * * Ye hear an angry buzzin' noise.
Tha meliai hits ye but does nay damage.
Tha meliai closely misses ye.
Ye hear an angry buzzin' noise.
Tha killer bee stin's ye but does nay damage.
Tha meliai rages.
Tha killer bee completely misses ye.
Unknown command.
Evoke which item? (* ta show all) (? fer menu, 'sc ta quit) Okay, than.
Re'lly read wit' blurry vision while enemies be nearby?
Okay, than.
Unknown command.
Evoke which item? (* ta show all) (? fer menu, 'sc ta quit) Zappin':
O - a wand o' lightnin' (will waste charges)
Press: ? - help, Shift-Dir - straight line, p - killer bee Ye hear a mighty clap o' thunder!
Tha bolt o' lightnin' misses tha killer bee.
Tha bolt o' lightnin' misses tha meliai. x2
Evokin' 'tis parti'lly-identified wand wasted a few charges.
Ye hear an angry buzzin' noise. x2; Ye hear a croak.
Ye hear a bellow! x4
Tha meliai rages.
Tha killer bee closely misses ye.
Ye hear an angry buzzin' noise.
Tha meliai rages.
Tha killer bee barely misses ye.
Tha meliai rages.
Tha killer bee barely misses ye.
Evoke which item? (* ta show all) (? fer menu, 'sc ta quit) Zappin':
O - a wand o' lightnin' {zapped: 3} (will waste charges)
Press: ? - help, Shift-Dir - straight line Ye hear a mighty clap o' thunder!
Tha bolt o' lightnin' hits tha killer bee.
Ye kill tha killer bee!
Okawaru accepts yer kill.
Tha bolt o' lightnin' hits tha meliai.
Tha meliai be almost dead.
Tha bolt o' lightnin' hits tha killer bee.
Tha killer bee be heavily wounded.
Tha bolt o' lightnin' hits tha killer bee.
Tha killer bee be almost dead.
Tha bolt o' lightnin' misses tha meliai.
Evokin' 'tis parti'lly-identified wand wasted a few charges.
Ye hear an angry buzzin' noise.
Ye hear a bellow!
Ye hear an angry buzzin' noise.
Tha killer bee stin's ye but does nay damage.
Tha meliai barely misses ye.
Tha meliai stin's ye!
* * * LOW HITPOINT WARNIN'
* * * Tha killer bee barely misses ye.
Ye feel much better.
Tha meliai barely misses ye. x2
Tha killer bee stin's ye.
Tha killer bee stin's ye!
* * * LOW HITPOINT WARNIN'
* * * Tha meliai hits ye wit' a war axe.
* * * LOW HITPOINT WARNIN'
* * * Tha meliai barely misses ye.
Tha killer bee stin's ye.
* * * LOW HITPOINT WARNIN'
* * * Tha meliai hits ye wit' a war axe!!
* * * LOW HITPOINT WARNIN'
* * * Tha meliai stin's ye but does nay damage.
Okay, than.
Re'lly read
r - 5 scrolls o' blinkin' {!r}?
Re'lly read wit' blurry vision while enemies be nearby?
Tha killer bee stin's ye but does nay damage.
Tha meliai misses ye.
Tha meliai closely misses ye.
Ye hear an angry buzzin' noise.
Tha killer bee misses ye.
Ye begin readin' tha scroll.
Ye continue readin' tha scroll.
Tha meliai hits ye wit' a war axe!
* * * LOW HITPOINT WARNIN'
* * * Tha meliai stin's ye!
Ye die...

* ,* #.##.## ##P... #
#.#...# #P.#. *#.,,
#.#...########..## #. *
#.#..###PP#P.....# * #.P
##.......††........ ,
+.yy##y.......†.P....###
#yyyy.yy................
%y.y#.###y#.#.######...###
. #* #@#.### ** ##.<#*
#P.y.# ##..P , * ##.P..# *
.... #....♣ , ♣♣♣♣ ',
#...♣♣ * , #.#♣♣* , * *
*P.♣ , ,, , #.. , , , , *
, * * *


You could see a queen bee, 2 meliai and 2 killer bees.

Vanquished Creatures
  A reaper (IceCv)
  A fire dragon (D:9)
  A catoblepas (Lair:4)
  3 hydras
  A death yak (Lair:4)
  Nergalle (D:10)
  3 hill giants
  3 ugly things (D:11)
  2 deep elf magi (Volcano)
  Joseph (D:9)
  2 ice statues (IceCv)
  Maurice (D:9)
  A black mamba (Lair:2)
  3 spiny frogs
  A rime drake (Lair:4)
  8 ice devils (IceCv)
  A komodo dragon (Lair:2)
  A troll (D:11)
  5 two-headed ogres
  4 hippogriffs
  3 blink frogs (Lair:2)
  A shadow (D:11)
  6 yaks
  A vampire (D:11)
  2 wraiths
  2 fire bats
  A basilisk (Lair:1)
  A hungry ghost (D:7)
  A mottled dragon (D:10)
  2 wargs (D:8)
  A hell hound (Volcano)
  2 soldier ants (D:9)
  Edmund (D:5)
  5 water moccasins
  2 porcupines (Lair:1)
  6 orc warriors
  2 sky beasts
  A black bear (D:9)
  2 wasps
  7 ice beasts
  3 phantoms
  4 eyes of draining
  8 ogres
  The ghost of zxpr0jk the Magician, an amateur BaWz (D:3)
  3 centaurs
  8 crocodiles
  2 big kobolds
  6 bullfrogs
  3 scorpions
  A water moccasin skeleton (D:6)
  3 killer bees (Lair:4)
  2 howler monkeys
  8 wights
  A centaur zombie (D:9)
  7 crimson imps
  A bullfrog zombie (D:10)
  2 hounds
  10 orc priests
  18 orc wizards
  Crazy Yiuf (D:5)
  7 jellies
  2 bullfrog skeletons
  A centaur skeleton (D:5)
  An iguana (D:4)
  14 worker ants
  A hound zombie (D:6)
  A hound skeleton (D:5)
  A mummy (Ossuary)
  3 gnolls (D:3)
  A howler monkey skeleton (D:11)
  17 river rats
  19 adders
  4 shadow imps
  8 white imps (IceCv)
  9 ufetubi (IceCv)
  An ooze (D:5)
  An adder skeleton (D:7)
  2 worms
  5 dart slugs
  6 leopard geckos
  42 orcs
  2 ball pythons
  2 bats
  9 giant cockroaches
  9 goblins
  7 hobgoblins
  20 jackals
  4 quokkas
  9 frilled lizards
  6 gnoll skeletons (Ossuary)
  9 kobolds
  5 kobold skeletons (Ossuary)
  2 leopard gecko skeletons
  A leopard gecko zombie (D:6)
  14 orc skeletons (Ossuary)
  A quokka skeleton (D:9)
  5 rats
436 creatures vanquished.

Vanquished Creatures (others)
  A hog (Volcano)
  A white imp (IceCv)
  3 ufetubi (IceCv)
  A fungus (Lair:4)
6 creatures vanquished.

Grand Total: 442 creatures vanquished

Notes
Turn   | Place    | Note
-------+----------+-------------------------------------------
     0 | D:1      | Gelly3 the Basajaun Hunter began the quest for the Orb.
     0 | D:1      | Reached XP level 1. HP: 19/19 MP: 2/2
    90 | D:1      | Reached skill level 3 in Fighting
    90 | D:1      | Reached XP level 2. HP: 28/28 MP: 3/3
   355 | D:1      | Reached skill level 1 in Maces & Flails
   789 | D:1      | Reached XP level 3. HP: 31/34 MP: 4/4
  1310 | D:2      | Reached skill level 2 in Maces & Flails
  2276 | D:3      | Reached XP level 4. HP: 42/42 MP: 5/5
  2427 | D:3      | Reached skill level 3 in Maces & Flails
  2583 | D:3      | HP: 10/42 [worm (7)]
  2592 | D:3      | HP: 3/42 [worm (9)]
  2793 | D:3      | Found a glowing drain.
  2973 | D:3      | Noticed zxpr0jk's ghost (amateur BaWz)
  3094 | D:3      | Found a snail-covered altar of Cheibriados.
  3094 | D:3      | Found a hide-covered altar of Uskayaw.
  3095 | D:3      | Found an ancient bone altar of Kikubaaqudgha.
  3111 | D:3      | HP: 10/42 [poisoned by an adder]
  3116 | D:3      | HP: 9/42 [poisoned by an adder]
  3123 | D:3      | HP: 8/42 [poisoned by an adder]
  3131 | D:3      | HP: 7/42 [poisoned by an adder]
  3372 | D:3      | Reached XP level 5. HP: 45/49 MP: 6/6
  3398 | D:3      | Found a hazy altar of Hepliaklqana.
  3928 | D:3      | Reached skill level 4 in Maces & Flails
  4095 | D:3      | Noticed an ogre
  4303 | D:3      | Killed an ogre
  4303 | D:3      | Reached skill level 5 in Maces & Flails
  4303 | D:3      | Reached XP level 6. HP: 42/56 MP: 7/7
  4324 | D:3      | Found a glowing golden altar of the Shining One.
  4453 | D:3      | Killed zxpr0jk's ghost
  4638 | D:4      | Found a shadowy altar of Dithmenos.
  4640 | D:4      | Noticed LogicNinja's ghost (amateur BaCj)
  4698 | D:3      | HP: 14/56 [poisoned by a worker ant]
  4701 | D:3      | HP: 3/84 [worker ant (8)]
  4706 | D:3      | HP: 1/56 [poisoned by a worker ant]
  5193 | D:4      | Reached skill level 6 in Maces & Flails
  5497 | D:4      | HP: 11/57 [phantom (8)]
  5509 | D:4      | Reached skill level 4 in Fighting
  5509 | D:4      | Reached XP level 7. HP: 15/64 MP: 8/8
  5902 | D:4      | Reached skill level 5 in Fighting
  6149 | D:5      | Entered Level 5 of the Dungeon
  6875 | D:5      | Found a sparkling altar of Nemelex Xobeh.
  6924 | D:5      | Reached skill level 6 in Fighting
  7046 | D:5      | Noticed Edmund
  7058 | D:5      | Noticed a fire bat
  7058 | D:5      | an ogre changed into a fire bat
  7061 | D:5      | Killed a fire bat
  7061 | D:5      | Reached skill level 7 in Fighting
  7061 | D:5      | Reached XP level 8. HP: 57/80 MP: 9/9
  7201 | D:5      | HP: 19/80 [Edmund/dire flail of protection (10)]
  7212 | D:5      | Killed Edmund
  7714 | D:5      | Reached skill level 8 in Fighting
  8189 | D:5      | Found a runed door.
  8260 | D:5      | Reached skill level 9 in Fighting
  8514 | D:5      | Noticed Crazy Yiuf
  8522 | D:5      | Killed Crazy Yiuf
  8624 | D:6      | Reached skill level 4 in Throwing
  8730 | D:6      | Found a burning altar of Makhleb.
  8833 | D:6      | Reached skill level 5 in Throwing
  8940 | D:6      | Found a sand-covered staircase.
  8948 | Ossuary  | Entered an ossuary
  8978 | Ossuary  | Reached skill level 2 in Dodging
  9313 | Ossuary  | Reached XP level 9. HP: 91/91 MP: 10/10
  9408 | D:6      | Reached skill level 3 in Dodging
  9527 | D:6      | Got an ancient iron amulet
  9528 | D:6      | Identified the amulet "Gij Ezummik" {Inacc +Fly rPois rF+ MR+} (You found it on level 6 of the Dungeon)
  9798 | D:6      | Found a glowing golden altar of the Shining One.
 10158 | D:7      | Reached skill level 4 in Dodging
 10190 | D:7      | Found a staircase to the Ecumenical Temple.
 10267 | Temple   | Entered the Ecumenical Temple
 10339 | Temple   | Became a worshipper of Warmaster Okawaru
 10618 | D:7      | Reached skill level 5 in Dodging
 10717 | D:7      | Reached skill level 1 in Invocations
 10964 | D:7      | Found a glowing silver altar of Zin.
 10965 | D:7      | Noticed an angel
 11048 | D:7      | HP: 22/91 [orc wizard/dagger (1)]
 11052 | D:7      | Reached skill level 2 in Invocations
 11058 | D:7      | HP: 14/91 [something (3)]
 11072 | D:7      | HP: 9/91 [something/magic dart (8)]
 11876 | D:7      | Reached * piety under Okawaru
 11876 | D:7      | Reached skill level 3 in Invocations
 12112 | D:8      | HP: 19/91 [orc priest/divine providence (12)]
 12117 | D:7      | HP: 16/91 [poisoned by an orc wizard]
 12122 | D:7      | HP: 11/91 [poisoned by an orc wizard]
 12127 | D:7      | HP: 8/91 [poisoned by an orc wizard]
 12133 | D:7      | HP: 5/91 [poisoned by an orc wizard]
 12139 | D:7      | HP: 4/91 [poisoned by an orc wizard]
 12147 | D:7      | HP: 4/91 [poisoned by an orc wizard]
 12155 | D:7      | HP: 4/91 [poisoned by an orc wizard]
 12585 | D:8      | Reached skill level 7 in Maces & Flails
 12744 | D:8      | Found a staircase to the Lair.
 12744 | D:8      | Identified the Incunabulum of the Flamy Frostbite
 12825 | D:8      | Learned a level 3 spell: Ozocubu's Armour
 13157 | D:8      | Reached skill level 8 in Maces & Flails
 13164 | D:8      | Reached ** piety under Okawaru
 13164 | D:8      | Reached XP level 10. HP: 61/99 MP: 13/13
 13411 | D:8      | Reached skill level 1 in Ice Magic
 13418 | D:8      | Reached skill level 1 in Spellcasting
 13418 | D:8      | Reached skill level 1 in Charms
 13732 | D:8      | Reached skill level 2 in Spellcasting
 13732 | D:8      | Reached skill level 2 in Charms
 13732 | D:8      | Reached skill level 2 in Ice Magic
 14015 | D:8      | Reached skill level 3 in Charms
 14263 | D:8      | Found a bloodstained altar of Trog.
 14268 | D:8      | Reached skill level 3 in Spellcasting
 14268 | D:8      | Reached skill level 3 in Ice Magic
 14513 | D:8      | Reached *** piety under Okawaru
 14750 | D:9      | Reached skill level 4 in Charms
 14785 | D:9      | HP: 15/99 [soldier ant (13)]
 14786 | D:9      | Gained mutation: You have a pair of small horns on your head. [potion of mutation]
 14786 | D:9      | Gained mutation: You passively map a small area around you. [potion of mutation]
 14786 | D:9      | Gained mutation: You are robust. (+10% HP) [potion of mutation]
 14790 | D:9      | HP: 38/162 [poisoned by a soldier ant]
 14796 | D:9      | HP: 34/162 [poisoned by a soldier ant]
 14799 | D:9      | Reached skill level 4 in Spellcasting
 14802 | D:9      | HP: 31/162 [poisoned by a soldier ant]
 14807 | D:9      | HP: 29/162 [poisoned by a soldier ant]
 14812 | D:9      | HP: 28/162 [poisoned by a soldier ant]
 14817 | D:9      | HP: 27/162 [poisoned by a soldier ant]
 14824 | D:9      | HP: 28/162 [poisoned by a soldier ant]
 14832 | D:9      | HP: 29/162 [poisoned by a soldier ant]
 14851 | D:9      | Gained mutation: You have an increased reservoir of magic. (+10% MP) [potion of mutation]
 14851 | D:9      | Gained mutation: You are weak. (Str -2) [potion of mutation]
 14851 | D:9      | Gained mutation: You can translocate small distances at will. [potion of mutation]
 15171 | D:9      | Noticed Joseph
 15189 | D:9      | Killed Joseph
 15189 | D:9      | Reached skill level 4 in Ice Magic
 15200 | D:9      | HP: 27/108 [ogre/giant club (20)]
 15540 | D:9      | Reached skill level 5 in Charms
 15584 | D:9      | Reached skill level 5 in Spellcasting
 15657 | D:9      | Found a blossoming altar of Fedhas.
 15692 | D:9      | Reached skill level 5 in Ice Magic
 15772 | D:9      | Found a shattered altar of Ashenzari.
 15828 | D:9      | Noticed Maurice
 15837 | D:9      | Killed Maurice
 15844 | D:9      | Reached skill level 6 in Charms
 16202 | D:10     | Entered Level 10 of the Dungeon
 16218 | D:9      | Reached XP level 11. HP: 105/116 MP: 22/22
 16221 | D:9      | Reached **** piety under Okawaru
 16702 | D:10     | Found a runed door.
 16702 | D:10     | Noticed an ice dragon
 16702 | D:10     | Noticed a fire dragon
 16704 | D:10     | Noticed an ice dragon
 16718 | D:10     | Noticed a fire dragon
 16721 | D:10     | Found a runed door.
 16722 | D:10     | Noticed a four-headed hydra
 16749 | D:10     | Noticed Nergalle
 16793 | D:10     | Killed Nergalle
 16793 | D:10     | Reached skill level 6 in Spellcasting
 16798 | D:10     | Reached skill level 6 in Ice Magic
 16802 | D:10     | Gained mutation: You occasionally shout uncontrollably at your foes. [potion of mutation]
 16802 | D:10     | Gained mutation: Scrolls take you a little longer to read. [potion of mutation]
 16802 | D:10     | Gained mutation: You are partially covered in yellow scales. (AC +2) [potion of mutation]
 17253 | D:10     | Killed a four-headed hydra
 17300 | D:10     | Noticed a hill giant
 17517 | D:9      | Killed a hill giant
 17517 | D:9      | Reached skill level 9 in Maces & Flails
 17651 | D:9      | Killed a fire dragon
 17651 | D:9      | Received a gift from Okawaru
 18081 | D:10     | Reached ***** piety under Okawaru
 18147 | D:10     | Noticed a hill giant
 18161 | D:10     | Killed a hill giant
 18161 | D:10     | Reached skill level 10 in Maces & Flails
 18672 | D:11     | Noticed a hill giant
 18684 | D:11     | Killed a hill giant
 18726 | D:11     | Found a frozen archway.
 18810 | IceCv    | Entered an ice cave
 18993 | IceCv    | Reached skill level 10 in Fighting
 19158 | IceCv    | HP: 25/121 [ice devil (9)]
 19540 | IceCv    | Reached skill level 11 in Fighting
 19573 | IceCv    | Noticed a reaper
 19639 | IceCv    | Received a gift from Okawaru
 19639 | IceCv    | Reached XP level 12. HP: 58/132 MP: 22/24
 19969 | IceCv    | HP: 20/132 [reaper/scythe of freezing (17)]
 19971 | IceCv    | Killed a reaper
 20687 | D:11     | Reached skill level 12 in Fighting
 20708 | D:11     | Gained mutation: You are somewhat resistant to further mutation. [mutagenic meat]
 20939 | Lair:1   | Entered Level 1 of the Lair of Beasts
 21169 | Lair:1   | Found a dark tunnel.
 21191 | Volcano  | Entered a volcano
 21257 | Volcano  | HP: 32/135 [two-headed ogre/great mace of flaming (13)]
 22007 | Lair:1   | Reached skill level 13 in Fighting
 22111 | Lair:1   | Reached skill level 1 in Armour
 22342 | Lair:1   | Reached skill level 2 in Armour
 22539 | Lair:2   | Reached skill level 3 in Armour
 22616 | Lair:2   | Noticed a six-headed hydra
 22634 | Lair:2   | Killed a six-headed hydra
 22634 | Lair:2   | Reached skill level 4 in Armour
 22881 | Lair:2   | Noticed a four-headed hydra
 23111 | Lair:2   | Killed a four-headed hydra
 23111 | Lair:2   | Reached skill level 5 in Armour
 23886 | Lair:2   | Found a hole to the Spider Nest.
 23996 | Lair:2   | You fall through a shaft for 2 floors!
 23996 | Lair:4   | Noticed a catoblepas
 23998 | Lair:4   | Noticed a death yak
 24019 | Lair:4   | Killed a death yak
 24038 | Lair:4   | Killed a catoblepas
 24038 | Lair:4   | Reached skill level 6 in Armour
 24058 | Lair:4   | Received a gift from Okawaru
 24623 | Lair:4   | Reached XP level 13. HP: 126/146 MP: 25/25
 24629 | Lair:4   | HP: 31/146 [meliai/hand axe (9)]
 24633 | Lair:4   | HP: 10/146 [meliai/war axe (19)]
 24635 | Lair:4   | HP: 4/146 [meliai/war axe (7)]
 24635 | Lair:4   | Slain by a meliai

Vault maps used:
D:1:      grunt_arrival_crossed_arrows, serial_forest,
          infiniplex_forest_clump_curved, infiniplex_forest_lined_3,
          infiniplex_forest_clump_medium, infiniplex_forest_straight_5,
          infiniplex_forest_corner_1, infiniplex_forest_end_3
D:2:      first_bread, minmay_misc_feat_doors
D:3:      lemuel_coloured_pillars_altar, nicolae_overflow_quartered_altars,
          gup_sewer_entry_spiral, minmay_three_crescents
D:4:      nicolae_dithmenos_shadow_blocks
D:5:      lemuel_crystal_altar, uniq_crazy_yiuf_cottage, uniq_edmund
D:6:      bloody_makhleb, basic_altar, nicolae_ossuary_entry_plus,
          serial_bayou_lake_a
D:7:      zin_angel
D:8:      trog_eyes_of_draining, erik_lair_orcish_takeover
D:9:      overflow_temple_1_default, nicolae_ashenzari_panopticon,
          hangedman_pestilent_swarm, minmay_fountain_box, uniq_joseph,
          uniq_maurice
D:10:     hangedman_decor_peaks_small, minmay_guarded_unrand_resistance,
          uniq_nergalle
D:11:     portal_ice_cave_entry_pillars_1
Temple:   cyrus_temple_forest
Lair:1:   enter_volcano_1
Lair:2:   dummy_spider_entry, grunt_megastairs_4
Lair:4:   swamp_mist_pool, nicolae_lair_yak_garden, bh_autumn_forest_stairs
Ossuary:  ossuary_due_mausoleum
IceCv:    ice_cave_small_demon
Volcano:  volcano_village

Skill      XL: |  1  2  3  4  5  6  7  8  9 10 11 12 |
---------------+-------------------------------------+-----
Fighting       | 3 4 7 9 11 13 | 13.1
Maces & Flails | 1 2 3 5 6 8 10 | 10.1
Throwing       | 5 |  5.0
Dodging        | 2 5 |  5.0
Invocations    | 3 |  3.1
Ice Magic      | 5 6 |  6.1
Spellcasting   | 5 6 |  6.2
Charms         | 6 |  6.0
Armour         | 6 |  6.7
Stealth        | |  0.7

Action                   |  1- 3 |  4- 6 |  7- 9 | 10-12 | 13-15 || total
-------------------------+-------+-------+-------+-------+-------++-------
Melee: Club              |   129 |   262 |    30 |       |       ||   421
       Whip              |       |       |    68 |       |       ||    68
       Giant club        |       |       |     2 |    54 |       ||    56
       Dire flail        |       |       |   541 |   943 |     2 ||  1486
       Flail             |       |       |    47 |       |       ||    47
       Headbutt          |       |       |       |   162 |       ||   162
       Quarterstaff      |       |       |       |    14 |       ||    14
Throw: Large rock        |     9 |    33 |    20 |     9 |       ||    71
       Stone             |    65 |    71 |    58 |    33 |       ||   227
       Throwing net      |       |       |     3 |       |       ||     3
       Javelin           |       |       |    49 |    42 |       ||    91
       Tomahawk          |       |       |     4 |    30 |       ||    34
 Cast: Ozocubu's Armour  |       |       |       |    10 |       ||    10
Invok: Heroism           |       |       |       |    17 |       ||    17
Evoke: Wand              |       |       |     2 |       |     3 ||     5
       Fan of gales      |       |       |       |       |     1 ||     1
  Use: Scroll            |     3 |       |    17 |     8 |       ||    28
       Potion            |       |     5 |     2 |     6 |     1 ||    14
 Stab: Sleeping          |       |     3 |       |       |       ||     3
       Invisible         |       |     1 |     2 |       |       ||     3
       Petrified         |       |       |       |     4 |       ||     4
       Petrifying        |       |       |       |     1 |       ||     1
  Eat: Chunk             |     3 |    11 |    19 |    33 |       ||    66
       Beef jerky        |       |     1 |       |     1 |       ||     2
       Fruit             |       |       |     2 |     5 |       ||     7
       Royal jelly       |       |       |     2 |     2 |       ||     4
       Meat ration       |       |       |     1 |       |       ||     1
       Pizza             |       |       |     1 |       |       ||     1
Armor: Robe              |    39 |    89 |   250 |   206 |       ||   584
       Skin              |       |       |       |     4 |       ||     4
       Quicksilver drago |       |       |       |   213 |    11 ||   224
Dodge: Dodged            |    67 |   135 |   280 |   559 |    19 ||  1060

Vault maps used:
D:1:      grunt_arrival_crossed_arrows, serial_forest,
          infiniplex_forest_clump_curved, infiniplex_forest_lined_3,
          infiniplex_forest_clump_medium, infiniplex_forest_straight_5,
          infiniplex_forest_corner_1, infiniplex_forest_end_3
D:2:      first_bread, minmay_misc_feat_doors
D:3:      lemuel_coloured_pillars_altar, nicolae_overflow_quartered_altars,
          gup_sewer_entry_spiral, minmay_three_crescents
D:4:      nicolae_dithmenos_shadow_blocks
D:5:      lemuel_crystal_altar, uniq_crazy_yiuf_cottage, uniq_edmund
D:6:      bloody_makhleb, basic_altar, nicolae_ossuary_entry_plus,
          serial_bayou_lake_a
D:7:      zin_angel
D:8:      trog_eyes_of_draining, erik_lair_orcish_takeover
D:9:      overflow_temple_1_default, nicolae_ashenzari_panopticon,
          hangedman_pestilent_swarm, minmay_fountain_box, uniq_joseph,
          uniq_maurice
D:10:     hangedman_decor_peaks_small, minmay_guarded_unrand_resistance,
          uniq_nergalle
D:11:     portal_ice_cave_entry_pillars_1
Temple:   cyrus_temple_forest
Lair:1:   enter_volcano_1
Lair:2:   dummy_spider_entry, grunt_megastairs_4
Lair:4:   swamp_mist_pool, nicolae_lair_yak_garden, bh_autumn_forest_stairs
Ossuary:  ossuary_due_mausoleum
IceCv:    ice_cave_small_demon
Volcano:  volcano_village

Table legend:
 A = Turns spent in this place as a percentage of turns spent in the entire game.
 B = Non-inter-level travel turns spent in this place as a percentage of non-inter-level travel turns spent in the entire game.
 C = Inter-level travel turns spent in this place as a percentage of turns spent in this place.
 D = Turns resting spent in this place as a percentage of non-inter-level travel turns spent in this place.
 E = Turns spent auto-exploring this place as a percentage of non-inter-level travel turns spent in this place.
 F = Non-inter-level travel turns spent in this place divided by the number of levels of this place that you've seen.
                   A       B       C       D       E      F
               +-------+-------+-------+-------+-------+----------------------
         Total | 100.0 | 100.0 |   0.5 |   4.3 |   5.9 | 399.1
       Dungeon |  73.6 |  73.6 |   0.5 |   4.0 |   6.3 | 480.6
        Temple |   0.3 |   0.3 |  14.3 |   0.0 |  72.2 |  18.0
          Lair |  10.1 |  10.1 |   0.4 |   2.5 |   8.5 | 242.7
       Ossuary |   3.4 |   3.4 |   0.0 |   0.8 |   3.7 | 243.0
      Ice Cave |   9.1 |   9.2 |   0.0 |   4.3 |   0.9 | 658.0
       Volcano |   3.5 |   3.5 |   0.0 |  18.5 |   0.8 | 249.0
               +-------+-------+-------+-------+-------+----------------------

Table legend:
 A = Kills in this place as a percentage of kills in entire the game.
 B = Kills by you in this place as a percentage of kills by you in the entire game.
 C = Kills by friends in this place as a percentage of kills by friends in the entire game.
 D = Other kills in this place as a percentage of other kills in the entire game.
 E = Experience gained in this place as a percentage of experience gained in the entire game.
 F = Experience gained in this place divided by the number of levels of this place that you have seen.
                   A       B       C       D       E      F
               +-------+-------+-------+-------+-------+----------------------
         Total | 100.0 | 100.0 |  -nan | 100.0 | 100.0 | 2117.6
       Dungeon |  72.8 |  72.9 |  -nan |   0.0 |  54.6 | 1892.5
          Lair |  12.8 |  12.8 |  -nan |   0.0 |  28.3 | 3601.3
       Ossuary |   6.2 |   6.2 |  -nan |   0.0 |   0.6 | 245.0
      Ice Cave |   6.6 |   6.4 |  -nan | 100.0 |  11.7 | 4452.0
       Volcano |   1.6 |   1.6 |  -nan |   0.0 |   4.7 | 1798.0
               +-------+-------+-------+-------+-------+----------------------
